 Dungeon Crawl Stone Soup version 0.30-a0-719-gcc4359ea44 (webtiles) character file.

Game seed: 8834213857581252890

2933 Dirtsage the Frost Mage (level 9, -3/62 (63) HPs)
             Began as an Octopode Transmuter on Jan 26, 2023.
             Was a Believer of the Shining One.
             Slain by a wight
             ... wielding a +3 great sword
              (10 damage)
             ... on level 8 of the Dungeon.
             The game lasted 00:15:36 (7576 turns).

Dirtsage the Frost Mage (Octopode Transmuter)       Turns: 7576, Time: 00:15:37

HP:   -3/62 (63)    AC:  8    Str: 10    XL:     9   Next: 80%
MP:   9/12          EV: 15    Int: 19    God:    the Shining One [**....]
Gold: 442           SH:  5    Dex: 18    Spells: 5/12 levels left

rFire   . . .      SeeInvis .      - Unarmed
rCold   + + .      Faith    .    (shield currently unavailable)
rNeg    + . .      Spirit   .    (helmet currently unavailable)
rPois   +          Reflect  +    n - amulet of reflection
rElec   .          Harm     .    o - +6 ring of dexterity
rCorr   .          Rampage  .    r - ring of fire
Will    .....                    u - +5 ring of evasion
Stlth   +                        (no ring)
HPRegen 0.30/turn                (no ring)
MPRegen 0.13/turn                (no ring)
                                 (no ring)
                                 (no ring)

@: ice-form, wereblooded, glowing, studying Ranged Weapons, lightly drained
A: freezing attack, boosted hp, almost no armour, amphibious, 8 rings, large,
(camouflage 1), (gelatinous body 1), (nimble swimmer 1), (tentacles)
a: End Transformation, Renounce Religion, Divine Shield


You were on level 8 of the Dungeon.
You worshipped the Shining One.
The Shining One was pleased with you.
You were a creature of crystalline ice.
You visited 2 branches of the dungeon, and saw 9 of its levels.

You collected 442 gold pieces.

Inventory:

Armour
 p - a +2 hat (melded)
Magical Staves
 v - a staff of air
Jewellery
 b - an amulet of magic regeneration
 n - an amulet of reflection (around neck)
 o - a +6 ring of dexterity (left front paw)
 r - a ring of fire (right front paw)
 u - a +5 ring of evasion (on tentacle)
 x - an amulet of guardian spirit
Wands
 m - a wand of flame (37) (quivered)
 y - a wand of light (9)
 A - a wand of charming (13)
 B - a wand of polymorph (10)
Scrolls
 g - a scroll of enchant weapon
 i - 4 scrolls of identify {unknown}
 k - a scroll of blinking {unknown}
 l - a scroll of magic mapping
 t - 5 scrolls of teleportation
 D - a scroll of torment {unknown}
Potions
 a - 5 potions of lignification
 c - 3 potions of degeneration {unknown}
 d - a potion of resistance {unknown}
 e - 2 potions of curing {unknown}
 f - 2 potions of haste {unknown}
 h - a potion of flight
 j - a potion of might {unknown}
 q - 4 potions of heal wounds {unknown}
 s - a potion of brilliance {unknown}
 w - a potion of mutation {unknown}
 z - a potion of attraction {unknown}
 C - a potion of berserk rage {unknown}


   Skills:
 - Level 1.0 Fighting
 - Level 2.0 Dodging
 + Level 5.4 Unarmed Combat
 - Level 2.0 Spellcasting
 - Level 8.0 Transmutations
 * Level 8.6 Ice Magic
 + Level 4.7 Invocations


You had 5 spell levels left.
You knew the following spells:

 Your Spells              Type           Power      Damage    Failure   Level
a - Beastly Appendage     Tmut           64%        N/A       1%          1
b - Wereblood             Tmut           32%        N/A       1%          2
c - Ice Form              Ice/Tmut       33%        N/A       5%          4

Your spell library contained the following spells:

 Spells                   Type           Power      Damage    Failure   Level
 Passwall                 Tmut/Erth      14%        N/A       4%          2
 Spider Form              Tmut/Pois      17%        N/A       10%         3
 Sandblast                Erth           2%         2d4       17%         1
 Sublimation of Blood     Necr           1%         N/A       26%         2
 Stone Arrow              Conj/Erth      2%         3d7       45%         3
 Summon Hydra             Summ           0%         N/A       100%        7


Dungeon Overview and Level Annotations

Branches:
Dungeon (8/15)             Temple (1/1) D:4
   Lair: D:8-11

Altars:
Cheibriados
Dithmenos
Elyvilon
Gozag
Kikubaaqudgha
Makhleb
Nemelex Xobeh
Okawaru
Qazlal
Ru
Trog
Vehumet
Wu Jian
Xom
Yredelemnul
Zin
The Shining One

Annotations:
D:4 Edmund
D:6 3 runed translucent doors, Notanamesir's ghost, novice MfGl


Innate Abilities, Weirdness & Mutations

You are a creature of crystalline ice.
You have a powerful freezing melee attack.
Your maximum health is increased.
Your armour is entirely melded.
You are incapable of wielding weapons or throwing items.
You cannot wear most types of armour.
You are amphibious.
You can wear up to eight rings at the same time.
((Your skin changes colour to match your surroundings (Stealth+).))
((Your rubbery body absorbs attacks. (AC +1, EV +1)))
((You are camouflaged when in or above water. (Stealth+)))
((You have tentacles for arms and can constrict up to eight enemies at once.))


Message History

The wight is heavily damaged.
You punch the wight! You freeze the wight.
You feel a bit better.
You destroy the wight!
The Shining One accepts your kill.
You feel better.
You feel your power returning.
You regained 3 hp, and now have 37/63 hp.
You hit the orc priest but do no damage.
The orc priest calls down the wrath of Beogh upon you.
Beogh smites you!
You take 13 damage, and have 24/63 hp.
MASSIVE DAMAGE!!
You punch the orc priest! You freeze the orc priest.
You feel a bit better.
You kill the orc priest!
The Shining One accepts your kill.
You regained 2 hp, and now have 26/63 hp.
The wight hits you with a +3 great sword.
Items here: )) [ †.
You take 4 damage, and have 22/63 hp.
You hit the wight.
The wight is lightly damaged.
You punch the wight! You freeze the wight.
The wight is severely damaged.
You hit the wight.
You feel a bit better.
You destroy the wight!
The Shining One accepts your kill.
You feel better.
You regained 6 hp, and now have 28/63 hp.
You hit the wight.
The wight is heavily damaged.
The wight hits you with a +3 great sword!
You partially resist.
You feel drained.
You take 8 damage, and have 20/62 hp.
You hit the wight.
The wight is severely damaged.
The wight hits you with a +3 great sword!
* * * LOW HITPOINT WARNING * * *
You take 13 damage, and have 7/62 hp.
MASSIVE DAMAGE!!
You hit the wight.
The wight is almost destroyed.
The wight hits you with a +3 great sword!
You die...

..#...#...# ...........
########### ......#
......# ......#
########### #
###.......########.#
..'.......'.....Yz.#
###.......########......
# #..........# ..... #
#..........# ....
........ # #..........#
... ......P #
#.....#..<.# ....#.....P
###.(...#....#
##.#...o..
.##.....#....# ... ..#
..o.. .##.....+...<# ..#
#.###.zz


You could see a wight.

Vanquished Creatures
  Prince Ribbit (D:5)
  Sigmund (D:3)
  Eustachio (D:4)
  2 steam dragons (D:6)
  A water moccasin (D:6)
  An ice beast (D:6)
  A black bear (D:7)
  An ogre (D:6)
  3 centaurs
  A bullfrog (D:6)
  A kobold brigand (D:8)
  3 scorpions
  A necrophage (D:5)
  2 wights (D:8)
  An electric eel (D:6)
  6 howler monkeys
  A jelly (D:6)
  4 orc priests
  6 hounds
  7 iguanas
  Natasha (thrice) (D:3)
  2 orc wizards (D:5)
  4 gnolls (D:3)
  3 adders
  4 shadow imps
  A white imp (D:5)
  A worm (D:3)
  2 dart slugs
  21 orcs
  3 ball pythons
  5 endoplasms (D:1)
  2 giant cockroaches (D:3)
  6 hobgoblins
  4 jackals (D:3)
  9 kobolds
  3 quokkas
  5 bats
  7 frilled lizards
  6 goblins
  A rat (D:1)
137 creatures vanquished.

Vanquished Creatures (others)
  A plant (D:8)
1 creature vanquished.

Grand Total: 138 creatures vanquished

Notes
Turn   | Place    | Note
-------+----------+-------------------------------------------
     0 | D:1      | Dirtsage the Octopode Transmuter began the quest for the
                  | Orb.
     0 | D:1      | Reached XP level 1. HP: 13/13 MP: 3/3
   143 | D:1      | Reached skill level 1 in Ice Magic
   143 | D:1      | Reached XP level 2. HP: 14/18 MP: 5/5
   431 | D:1      | Learned a level 2 spell: Wereblood
   610 | D:1      | Reached XP level 3. HP: 19/23 MP: 6/6
  1506 | D:3      | Noticed Sigmund
  1522 | D:3      | Killed Sigmund
  1523 | D:3      | Reached XP level 4. HP: 28/28 MP: 7/7
  1523 | D:3      | Reached XP level 5. HP: 33/33 MP: 8/8
  1713 | D:3      | Noticed Natasha
  1719 | D:3      | Killed Natasha
  1720 | D:3      | Reached XP level 6. HP: 33/38 MP: 9/9
  1778 | D:3      | Learned a level 4 spell: Ice Form
  1790 | D:3      | Noticed Natasha
  1796 | D:3      | Killed Natasha
  1920 | D:3      | Found an iron altar of Okawaru.
  2331 | D:3      | Noticed Natasha
  2338 | D:3      | Killed Natasha
  2339 | D:3      | Reached skill level 5 in Transmutations
  2563 | D:4      | Found a radiant altar of Vehumet.
  2563 | D:4      | Found a sparkling altar of Nemelex Xobeh.
  2565 | D:4      | Found a basalt altar of Yredelemnul.
  2649 | D:4      | Found a staircase to the Ecumenical Temple.
  2659 | Temple   | Entered the Ecumenical Temple
  2771 | Temple   | Became a worshipper of the Shining One
  2860 | D:4      | Noticed Edmund
  3107 | D:4      | Found an ancient bone altar of Kikubaaqudgha.
  3201 | D:4      | Noticed Eustachio
  3211 | D:4      | Reached XP level 7. HP: 43/43 MP: 1/10
  3220 | D:4      | Killed Eustachio
  3221 | D:4      | Reached skill level 5 in Ice Magic
  3621 | D:5      | Entered Level 5 of the Dungeon
  3718 | D:5      | Reached * piety under the Shining One
  3925 | D:5      | Reached skill level 1 in Invocations
  3928 | D:5      | Reached XP level 8. HP: 34/48 MP: 5/11
  4533 | D:5      | Noticed Prince Ribbit
  4547 | D:5      | Killed Prince Ribbit
  4843 | D:6      | Found an ornate altar of the Wu Jian Council.
  5215 | D:6      | Reached XP level 9. HP: 53/53 MP: 9/12
  5549 | D:6      | Found a runed translucent gate.
  5550 | D:6      | Noticed Notanamesir's ghost (novice MfGl)
  5551 | D:6      | Found a runed translucent gate.
  5552 | D:6      | Found a runed translucent gate.
  6498 | D:7      | Reached skill level 5 in Unarmed Combat
  6697 | D:7      | Found a snail-covered altar of Cheibriados.
  7195 | D:8      | Found an opulent altar of Gozag.
  7242 | D:8      | Found a shadowy altar of Dithmenos.
  7396 | D:8      | Reached ** piety under the Shining One
  7576 | D:8      | Slain by a wight

Illustrated notes

Levels and vault maps discovered:
D:1:      saegor_arrival_simple_e, layout_basic, serial_corexii_hall,
          corexii_hall_statues_t, corexii_hall_statues_s
D:2:      layout_loops_ring, chequers_serial_rivers_micro_e
D:3:      layout_loops_cross, mainiacjoe_overflow_surrounded_room,
          kennysheep_small_spiral, nicolae_figureground_sparkle, uniq_sigmund,
          uniq_natasha
D:4:      layout_loops_ring, mainiacjoe_overflow_paths,
          gammafunk_temple_overflow_forgotten, minmay_temple_entry_nine_rooms,
          uniq_edmund, uniq_eustachio
D:5:      layout_basic, nicolae_fountain_basement, uniq_prince_ribbit1
D:6:      cheibrodos_helix_gallery, layout_basic, mainiacjoe_overflow_24_doors,
          biasface_ghost_orc_armoury
D:7:      layout_gridville, kennysheep_mini, minmay_misc_feat_tower,
          hangedman_abyss_or_decor_lesser_grid
D:8:      layout_basic, lemuel_coloured_pillars_altar,
          overflow_temple_1_default, lemuel_crystal_altar,
          erik_lair_orcish_takeover, nicolae_fountain_basement
Temple:   nicolae_temple_superstar

Skill      XL: |  1  2  3  4  5  6  7  8  9 |
---------------+----------------------------+-----
Ice Magic      | 1 3 4 5 7 8 |  8.6
Transmutations | 4 5 6 7 8 |  8.0
Invocations    | 1 3 4 |  4.7
Unarmed Combat | 4 5 |  5.4
Fighting       | |  1.0
Dodging        | |  2.0
Spellcasting   | |  2.0

Action                     |  1- 3 |  4- 6 |  7- 9 || total
---------------------------+-------+-------+-------++-------
  Melee: Unarmed           |    66 |    79 |   189 ||   334
         Tentacles         |    11 |     5 |     4 ||    20
         Constrict         |    18 |    12 |     2 ||    32
         Kick              |    11 |     7 |     2 ||    20
         Punch             |     2 |     2 |       ||     4
   Cast: Beastly Appendage |    11 |     4 |     1 ||    16
         Ice Form          |       |     7 |    28 ||    35
         Wereblood         |       |     3 |     9 ||    12
  Evoke: Wand              |       |       |     4 ||     4
    Use: Potion            |     2 |       |       ||     2
         Scroll            |       |       |     6 ||     6
   Stab: Sleeping          |     9 |     3 |       ||    12
 Armour: Skin              |     7 |     5 |    48 ||    60
  Dodge: Dodged            |    32 |    32 |   110 ||   174
  Block: Other             |       |    15 |    30 ||    45
         Reflection        |       |     1 |     1 ||     2

Table legend: (Time is in decaauts)
 A = Elapsed time spent in this place.
 B = Non-inter-level travel time spent in this place.
 C = Inter-level travel time spent in this place.
 D = Time resting spent in this place.
 E = Time spent auto-exploring this place.
 F = Levels seen in this place.
 G = Mean time per level.
                   A        B        C        D        E       F      G
               +--------+--------+--------+--------+--------+-----+--------+
         Total |   7558 |   7319 |    239 |    100 |   6179 |   9 |  839.8 |
       Dungeon |   7432 |   7228 |    204 |    100 |   6099 |   8 |  929.0 |
        Temple |    125 |     90 |     35 |      0 |     80 |   1 |  125.0 |
               +--------+--------+--------+--------+--------+-----+--------+

Top non-repeatable levels by time:
     D:6: 1474 daAuts
     D:4: 1071 daAuts
     D:5: 1069 daAuts
     D:3: 1055 daAuts
     D:7: 867 daAuts
     D:1: 764 daAuts
     D:2: 726 daAuts
     D:8: 403 daAuts
  Temple: 125 daAuts
